 Dungeon Crawl Stone Soup version 0.21.1-1-g345015f (webtiles) character file.

4970 keltmir the Basher (level 10, -8/77 HPs)
             Began as a Demonspawn Fighter on Mar 24, 2018.
             Was a Believer of Qazlal.
             Splashed by an acid dragon's acid (11 damage)
             ... on level 8 of the Dungeon.
             The game lasted 00:29:51 (8560 turns).

keltmir the Basher (Demonspawn Fighter)             Turns: 8560, Time: 00:29:52

Health: -8/77      AC:  6    Str: 25    XL:     10   Next: 28%
Magic:  15/15      EV:  9    Int:  9    God:    Qazlal [**....]
Gold:   446        SH: 14    Dex: 13    Spells: 9/9 levels left

rFire    + . .     SeeInvis .   A - +6 mace of Uthoich {drain, rPois rF++ MR+ Stlth-}
rCold    + + .     Gourm    .   c - +0 shield
rNeg     . . .     Faith    .   b - +1 scale mail
rPois    +         Spirit   .   (helmet restricted)
rElec    .         Reflect  .   l - +2 cloak
rCorr    .         Harm     .   (no gloves)
MR       +....                  (no boots)
Stlth    ..........             p - amulet of regeneration
HPRegen  0.62/turn              o - ring of ice
MPRegen  0.14/turn              (no ring)

@: mighty, corroded
A: antennae 1, iridescent scales 2, cold resistance 1, powered by death 2
a: Upheaval, Renounce Religion


You were on level 8 of the Dungeon.
You worshipped Qazlal.
Qazlal was pleased with you.
You were not hungry.

You visited 2 branches of the dungeon, and saw 9 of its levels.

You collected 446 gold pieces.

Inventory:

Hand Weapons
 a - a +0 flail
 d - the cursed +0 battleaxe of Xik Ukhlu {flame, Int+4, unknown}
   (You took it off an orc knight on level 8 of the Dungeon)

   It has been specially enchanted to burn those struck by it, causing extra
   injury to most foes and up to half again as much damage against particularly
   susceptible opponents.
   Big, fiery blades are also staple armaments of hydra-hunters.
   It affects your intelligence (+4).
   It has a curse placed upon it.
 e - a +1 whip
 n - a +3 flail of protection
 A - the +6 mace of Uthoich (weapon) {drain, rPois rF++ MR+ Stlth-}
   (You took it off a kobold on level 8 of the Dungeon)

   A truly terrible weapon, it drains the life of those it strikes.
   It greatly protects you from fire.
   It protects you from poison.
   It affects your resistance to hostile enchantments.
   It makes you less stealthy.
Armour
 b - a +1 scale mail (worn)
 c - a +0 shield (worn)
 j - a +0 ring mail
 l - a +2 cloak (worn)
Jewellery
 g - an uncursed amulet of harm
 m - an uncursed amulet of the gourmand
 o - a ring of ice (left hand)
 p - an amulet of regeneration (around neck)
 u - a cursed -3 ring of dexterity
 E - an uncursed amulet of magic regeneration
Wands
 i - a wand of acid (5)
 t - a wand of paralysis (12)
 B - a wand of flame (15)
Scrolls
 q - 2 scrolls of blinking
 y - 2 scrolls of remove curse
 z - a scroll of teleportation
 C - a scroll of enchant weapon
Potions
 h - 2 potions of brilliance {unknown}
 k - 6 potions of curing
 r - 2 potions of heal wounds {unknown}
 s - a potion of berserk rage {unknown}
 v - 2 potions of flight {unknown}
 w - a potion of mutation {unknown}
 x - 5 potions of agility {unknown}
Comestibles
 f - 17 rations
 D - 3 chunks of flesh


   Skills:
 - Level 6.4 Fighting
 * Level 8.7 Maces & Flails
 - Level 2.6 Armour
 - Level 1.0 Dodging
 - Level 0.6 Stealth
 * Level 8.7 Shields
 + Level 7.1 Invocations


You had 9 spell levels left.
You didn't know any spells.

Dungeon Overview and Level Annotations

Branches:
Dungeon (8/15)             Temple (1/1) D:4
   Lair: D:8-11

Altars:
Cheibriados
Dithmenos
Elyvilon
Fedhas
Gozag
Hepliaklqana
Kikubaaqudgha
Makhleb
Nemelex Xobeh
Okawaru
Qazlal
Sif Muna
Trog
Uskayaw
Vehumet
Wu Jian
Xom
Yredelemnul
Zin
The Shining One

Shops:
D:6 =


Innate Abilities, Weirdness & Mutations

You have a pair of small antennae on your head.
You are mostly covered in iridescent scales. (AC +4)
Your flesh is cold resistant. (rC+)
You regenerate health from kills.


Message History

You block the adder skeleton's attack. The acid dragon spits acid at you.
The splash of acid hits you!
You are splashed with acid!
The acid burns!
* * * LOW HITPOINT WARNING * * *
The adder skeleton bites you but does no damage.
The acid dragon spits acid at you. The splash of acid hits you!
* * * LOW HITPOINT WARNING * * *
You are splashed with acid!
The acid burns!
* * * LOW HITPOINT WARNING * * *
Things that are here:
a glowing hunting sling; a plate armour
There is an open door here.
You feel better.
The adder skeleton bites you but does no damage.
The acid dragon spits acid at you. The splash of acid hits you!
* * * LOW HITPOINT WARNING * * *
The acid corrodes you!
You are splashed with acid!
The acid burns!
You die...

..# #####(# #.# #.....# #.#
#.....# ..# #.))..# ..# ##a##.#
..# #(.D..# #.# #.Z...# #.#
#...).# #.#
##########ยง@..#########
#.)....#.....#.....##......#
#......'....##.....##......######
#......#....##.....##.....##.....
#......#.....'.....##.....##.....
#......##...##...[)####'####.....
#......##...##....().............
#.......'........................
#.......#..........(.............


You could see a soldier ant, an acid dragon and an adder skeleton.

Vanquished Creatures
  Pikel (D:6)
  An orc knight (D:8)
  An ugly thing (D:8)
  A gargoyle (D:8)
  A hippogriff (D:7)
  A wraith (D:8)
  A wyvern (D:8)
  An orc warrior (D:6)
  A sky beast (D:5)
  An ice beast (D:5)
  2 ogres
  2 phantoms
  3 centaurs
  3 big kobolds
  6 bullfrogs
  A scorpion (D:8)
  4 wights (D:7)
  4 howler monkeys
  A bullfrog zombie (D:6)
  2 hounds
  2 jellies
  A centaur skeleton (D:8)
  9 orc wizards
  2 orc priests (D:7)
  A bullfrog skeleton (D:8)
  3 iguanas
  7 worker ants
  3 gnolls (D:3)
  18 adders
  A shadow imp (D:5)
  An adder skeleton (D:3)
  3 worms
  3 dart slugs
  6 leopard geckos
  22 orcs
  A ball python (D:1)
  5 giant cockroaches
  11 hobgoblins
  8 jackals
  2 quokkas
  9 bats
  5 frilled lizards
  2 goblins (D:2)
  A jackal zombie (D:3)
  20 kobolds
  6 rats
190 creatures vanquished.

Vanquished Creatures (others)
  A slave (D:7)
  A necrophage (D:7)
  A jelly (D:7)
  A hound skeleton (D:7)
  An orc (D:7)
  A giant cockroach (D:7)
6 creatures vanquished.

Grand Total: 196 creatures vanquished

Notes
Turn   | Place    | Note
-------+----------+-------------------------------------------
     0 | D:1      | keltmir the Demonspawn Fighter began the quest for the Orb.
     0 | D:1      | Reached XP level 1. HP: 18/18 MP: 1/1
   239 | D:1      | Gained mutation: You regenerate a little health from kills. [demonic ancestry]
   239 | D:1      | Reached XP level 2. HP: 14/24 MP: 2/2
   947 | D:2      | Gained mutation: You are partially covered in iridescent scales. (AC +2) [demonic ancestry]
   947 | D:2      | Reached XP level 3. HP: 28/29 MP: 3/3
  1376 | D:2      | Gained mutation: You are mostly covered in iridescent scales. (AC +4) [demonic ancestry]
  1376 | D:2      | Reached XP level 4. HP: 36/36 MP: 4/4
  2066 | D:3      | Found a faded altar of an unknown god.
  2122 | D:3      | Reached XP level 5. HP: 42/42 MP: 5/5
  3017 | D:3      | Reached skill level 1 in Dodging
  3115 | D:3      | Reached XP level 6. HP: 48/48 MP: 6/6
  3533 | D:4      | Found a staircase to the Ecumenical Temple.
  3561 | Temple   | Entered the Ecumenical Temple
  3604 | Temple   | Became a worshipper of Qazlal Stormbringer
  4043 | D:4      | Reached XP level 7. HP: 54/54 MP: 7/7
  4255 | D:5      | Entered Level 5 of the Dungeon
  4429 | D:5      | Reached skill level 1 in Invocations
  4554 | D:5      | Reached skill level 5 in Maces & Flails
  4733 | D:5      | Reached skill level 5 in Shields
  5573 | D:6      | Gained mutation: Your flesh is cold resistant. (rC+) [demonic ancestry]
  5573 | D:6      | Reached XP level 8. HP: 47/61 MP: 8/10
  5614 | D:6      | Reached * piety under Qazlal
  5622 | D:6      | Reached skill level 5 in Fighting
  6011 | D:6      | Found Ucegepp's Jewellery Shop.
  6718 | D:7      | Noticed Pikel
  6740 | D:6      | Killed Pikel
  6740 | D:6      | Gained mutation: You regenerate health from kills. [demonic ancestry]
  6740 | D:6      | Reached XP level 9. HP: 65/69 MP: 10/12
  6896 | D:7      | Reached skill level 5 in Invocations
  7762 | D:8      | Got a warped mace {drain}
  7767 | D:7      | Identified the +6 mace of Uthoich {drain, rPois rF++ MR+ Stlth-} (You took it off a kobold on level 8 of the Dungeon)
  8150 | D:8      | Noticed a gargoyle
  8201 | D:8      | Killed a gargoyle
  8201 | D:8      | Reached ** piety under Qazlal
  8339 | D:8      | Noticed a red ugly thing
  8354 | D:8      | Killed a red ugly thing
  8354 | D:8      | Gained mutation: You have a pair of small antennae on your head. [demonic ancestry]
  8354 | D:8      | Reached XP level 10. HP: 22/77 MP: 14/14
  8520 | D:8      | Noticed an orc knight
  8533 | D:8      | Killed an orc knight
  8540 | D:8      | Got a twisted battleaxe {flame}
  8554 | D:8      | HP: 3/77 [acid (10)]
  8560 | D:8      | HP: 3/77 [acid dragon/splash of acid (11)]
  8560 | D:8      | Splashed by an acid dragon's acid

Skill      XL: |  1  2  3  4  5  6  7  8  9 10 |
---------------+-------------------------------+-----
Maces & Flails | 2 3 4 5 6 8 |  8.7
Shields        | 3 4 5 6 8 |  8.7
Dodging        | 1 |  1.0
Fighting       | 4 5 6 |  6.4
Invocations    | 2 4 6 7 |  7.1
Armour         | |  2.6
Stealth        | |  0.6

Action                   |  1- 3 |  4- 6 |  7- 9 | 10-12 || total
-------------------------+-------+-------+-------+-------++-------
Melee: Whip              |   136 |   157 |       |       ||   293
       Flail             |    10 |   106 |   356 |       ||   472
       Mace              |       |       |    75 |    37 ||   112
Evoke: Wand              |       |     1 |       |       ||     1
  Use: Scroll            |     4 |     7 |     4 |       ||    15
       Potion            |     1 |     1 |       |     2 ||     4
  Eat: Chunk             |     8 |    15 |     8 |       ||    31
Armor: Scale mail        |    54 |   116 |   226 |    13 ||   409
Dodge: Dodged            |    37 |    82 |   129 |    10 ||   258
Block: Shield            |    70 |   144 |   289 |    24 ||   527
